 Dungeon Crawl Stone Soup version 0.19-a0-994-g3c636f0 (console) character file.

1659 shanghai the Geomancer (level 9, -2/45 HPs)
             Began as a Gargoyle Earth Elementalist on July 16, 2016.
             Was a Believer of Makhleb.
             Slain by Duvessa
             ... wielding a +0 rapier
              (10 damage)
             ... on level 7 of the Dungeon.
             The game lasted 00:26:13 (7235 turns).

shanghai the Geomancer (GrEE)                       Turns: 7235, Time: 00:26:14

Health: -2/45      AC: 13    Str: 12    XL:     9   Next: 0%
Magic:  1/21       EV: 12    Int: 19    God:    Makhleb [**....]
Gold:   275        SH:  0    Dex: 10    Spells: 3 memorised, 12 levels left

rFire  . . .     SeeInvis .     k - +0 scythe (protect)
rCold  . . .     Gourm    .     c - +1 robe
rNeg   + . .     Faith    .     (shield currently unavailable)
rPois  ∞         Spirit   .     (no helmet)
rElec  +         Dismiss  .     (no cloak)
rCorr  .         Reflect  .     (no gloves)
SustAt .         Harm     .     (no boots)
MR     .....                    r - amulet of regeneration
Stlth  ++........               (no ring)
                                a - ring of flight

@: very slightly contaminated, hasted, very quick, not resistant to hostile
enchantments, unstealthy
A: negative energy resistance 1, electricity resistance, unbreathing,
petrification resistance, rot immunity, AC +5
a: Minor Destruction, Renounce Religion, Evoke Flight


You were on level 7 of the Dungeon.
You worshipped Makhleb.
Makhleb was pleased with you.
You were very hungry.

You visited 1 branch of the dungeon, and saw 7 of its levels.

You collected 275 gold pieces.

Inventory:

Hand Weapons
 k - a +0 scythe of protection (weapon)
Missiles
 u - 56 stones (quivered)
Armour
 c - a +1 robe (worn)
Jewellery
 a - a ring of flight (left hand)
 g - an uncursed amulet of harm
 r - an amulet of regeneration (around neck)
Scrolls
 h - a scroll of remove curse
 n - 8 scrolls of teleportation
 q - 2 scrolls of recharging
 v - a scroll of magic mapping
Potions
 b - a potion of ambrosia
 i - a potion of resistance {unknown}
 j - a potion of haste
 o - 2 potions of curing
 t - a potion of cancellation
 x - a potion of berserk rage
Books
 e - a book of Geomancy

   Spells                             Type                      Level
   a - Sandblast                      Earth                        1
   b - Passwall                       Transmutation/Earth          2
   c - Stone Arrow                    Conjuration/Earth            3
   d - Petrify                        Transmutation/Earth          4
   e - Lee's Rapid Deconstruction     Earth                        5
Comestibles
 d - 3 bread rations
 f - 3 meat rations
 m - 3 slices of pizza
 p - 6 fruits


   Skills:
 - Level 1.5 Dodging
 - Level 2.1 Stealth
 - Level 8.1 Spellcasting
 - Level 0.7 Transmutations
 + Level 9.2 Earth Magic


You had 12 spell levels left.
You knew the following spells:

 Your Spells              Type           Power        Failure   Level  Hunger
b - Stone Arrow           Conj/Erth      ####..       4%          3    None
c - Petrify               Tmut/Erth      ####....     12%         4    ###....
d - Lee's Rapid Deconstr  Erth           #####.....   8%          5    #####..


Dungeon Overview and Level Annotations

Branches:
Dungeon (7/15)             Temple (0/1) D:5

Altars:
Ashenzari
Elyvilon
Makhleb
Qazlal
Ru
Sif Muna
Xom
Zin

Annotations:
D:7 Duvessa


Innate Abilities, Weirdness & Mutations

You are resistant to torment.
Your stone body is resilient. (AC +5)
You are immune to poison.
You resist negative energy. (rN+)
You are resistant to electric shocks. (rElec)
You can survive without breathing.
You are immune to petrification.
You are immune to rotting.


Message History

The stone arrow misses Duvessa.
Duvessa misses you.
You barely miss Duvessa.
Duvessa is almost dead.
Duvessa hits you with a rapier. Duvessa hits you with a rapier!
* * * LOW HITPOINT WARNING * * *
Duvessa hits you but does no damage.
You hear a shout!
A worker ant comes into view.
Duvessa hits you but does no damage.
You feel yourself speed up. Duvessa hits you but does no damage.
You are very lightly contaminated with residual magic.
The worker ant bites you but does no damage.
The worker ant closely misses you.
There is a stone staircase leading up here.
You closely miss Duvessa.
Duvessa is almost dead.
Duvessa hits you but does no damage.
The worker ant bites you but does no damage.
Duvessa hits you with a rapier!
You die...

##### ##### .<..
...# ).#
######.###?.##.##
#...ae........!..
#...@#.###.###.##
#..###.# .# #.
..# .# # #### .#
.# .# .#


You could see Duvessa (berserk) and a worker ant.

Vanquished Creatures
  Sigmund (D:4)
  An ice beast (D:5)
  A phantom (D:4)
  A sky beast (D:4)
  An orc warrior (D:6)
  An ogre (D:4)
  A big kobold (D:4)
  The ghost of Thraspic the Ruffian, an amateur VSMo (D:4)
  Dowan (D:7)
  4 scorpions
  3 hounds
  An orc priest (D:3)
  2 iguanas
  4 orc wizards
  3 worker ants
  2 worker ant zombies
  9 adders
  7 gnolls
  A howler monkey skeleton (D:4)
  An ooze (D:3)
  An adder skeleton (D:6)
  An adder zombie (D:5)
  4 worms (D:2)
  6 dart slugs
  4 giant geckos
  14 orcs
  A bat (D:3)
  4 giant cockroaches
  7 goblins
  6 hobgoblins
  14 jackals
  22 kobolds
  4 quokkas
  3 giant newts
  6 rats
143 creatures vanquished.

Vanquished Creatures (others)
  4 plants (D:4)
4 creatures vanquished.

Grand Total: 147 creatures vanquished

Notes
Turn   | Place    | Note
-------+----------+-------------------------------------------
     0 | D:1      | shanghai the Gargoyle Earth Elementalist began the quest for the Orb.
     0 | D:1      | Reached XP level 1. HP: 10/10 MP: 3/3
   129 | D:1      | Reached skill level 4 in Earth Magic
   303 | D:1      | Reached XP level 2. HP: 15/15 MP: 3/5
   875 | D:1      | Reached XP level 3. HP: 19/19 MP: 1/6
   883 | D:1      | Learned a level 3 spell: Stone Arrow
   997 | D:2      | Reached skill level 5 in Earth Magic
  1016 | D:2      | Found a shattered altar of Ashenzari.
  1233 | D:2      | Found a shimmering altar of Xom.
  1233 | D:2      | Noticed an angel
  1235 | D:2      | Found a glowing silver altar of Zin.
  1484 | D:2      | Reached XP level 4. HP: 24/24 MP: 2/8
  1634 | D:2      | Learned a level 4 spell: Petrify
  2071 | D:3      | Reached XP level 5. HP: 28/28 MP: 3/10
  2311 | D:3      | Found a burning altar of Makhleb.
  2327 | D:3      | Became a worshipper of Makhleb the Destroyer
  2329 | D:3      | Found a faded altar of an unknown god.
  2966 | D:4      | Reached skill level 6 in Earth Magic
  3058 | D:4      | Reached XP level 6. HP: 32/32 MP: 5/12
  3065 | D:4      | Learned a level 5 spell: Lee's Rapid Deconstruction
  3134 | D:4      | Noticed Sigmund
  3214 | D:4      | Killed Sigmund
  3214 | D:4      | Reached skill level 7 in Earth Magic
  3214 | D:4      | Reached XP level 7. HP: 14/36 MP: 0/13
  3422 | D:4      | Found a deep blue altar of Sif Muna.
  3428 | D:4      | Reached skill level 8 in Earth Magic
  3702 | D:4      | Reached * piety under Makhleb
  3850 | D:4      | Noticed Thraspic's ghost (amateur VSMo)
  3870 | D:4      | Killed Thraspic's ghost
  3966 | D:4      | Reached skill level 5 in Spellcasting
  3977 | D:4      | Reached ** piety under Makhleb
  4475 | D:4      | Reached XP level 8. HP: 41/41 MP: 1/16
  4782 | D:5      | Entered Level 5 of the Dungeon
  5038 | D:5      | Found a staircase to the Ecumenical Temple.
  5159 | D:5      | Found a sacrificial altar of Ru.
  5271 | D:5      | Found a stormy altar of Qazlal.
  6962 | D:6      | Found a white marble altar of Elyvilon.
  6991 | D:6      | Found a shimmering altar of Xom.
  7061 | D:6      | Reached skill level 9 in Earth Magic
  7218 | D:7      | Noticed Duvessa
  7218 | D:7      | Noticed Dowan
  7220 | D:7      | Killed Dowan
  7220 | D:7      | Reached XP level 9. HP: 45/45 MP: 10/21
  7235 | D:7      | Slain by Duvessa

Vault maps used:
D:1:      evilmike_arrival_plus, minmay_splitting_lines
D:2:      grunt_temple_overflow_order_and_chaos_1, nicolae_ashenzari_panopticon
D:3:      ecumenical_altar_1, first_bread, bloody_makhleb
D:4:      kennysheep_kobold_camp, old_standard_altar, eino_tiny_chamber,
          uniq_sigmund
D:5:      nicolae_overflow_crystal_walls, lemuel_crystal_altar
D:6:      elyvilon_altar_4, xom_teletrap_fun
D:7:      kennysheep_big_flooded_room, nicolae_overflow_hidden_temple,
          gammafunk_temple_overflow_elements, uniq_joseph, uniq_prince_ribbit1,
          uniq_duvessa

Skill      XL: |  1  2  3  4  5  6  7  8 |
---------------+-------------------------+-----
Earth Magic    | 4 5 6 7 8 9 |  9.2
Spellcasting   | 3 4 5 8 |  8.1
Dodging        | |  1.5
Stealth        | |  2.1
Transmutations | |  0.7

Action                   |  1- 3 |  4- 6 |  7- 9 || total
-------------------------+-------+-------+-------++-------
Melee: Spear             |     5 |   108 |       ||   113
       Scythe            |       |       |   296 ||   296
 Cast: Sandblast         |    42 |     5 |       ||    47
       Stone Arrow       |     2 |    27 |    68 ||    97
       Lee's Rapid Decon |       |     1 |    18 ||    19
       Petrify           |       |       |     2 ||     2
  Use: Scroll            |       |    12 |     6 ||    18
       Potion            |       |     1 |     1 ||     2
 Stab: Sleeping          |       |     1 |       ||     1
  Eat: Chunk             |     2 |     9 |    15 ||    26
       Fruit             |       |     1 |       ||     1
       Royal jelly       |       |       |     1 ||     1
       Bread ration      |       |       |     1 ||     1
Armor: Robe              |     3 |    64 |   315 ||   382
Dodge: Dodged            |    13 |    90 |   350 ||   453
